 Dungeon Crawl Stone Soup version 0.31-a0-983-g7b6862f502 (webtiles) character file.

Game seed: 4297314442467508748

549 FakeRyeBread the Cudgeller (level 7, -2/44 HPs)
             Began as a Gargoyle Fighter on Nov 2, 2023.
             Slain by Dowan
             ... wielding a +0 dagger
              (3 damage)
             ... on level 5 of the Dungeon.
             The game lasted 00:10:36 (4046 turns).

FakeRyeBread the Cudgeller (Gargoyle Fighter)       Turns: 4046, Time: 00:10:37

Health: -2/44      AC: 15    Str: 33    XL:     7   Next: 28%
Magic:  7/7        EV:  9    Int:  9    God:
Gold:   205        SH:  4    Dex:  9    Spells: 6/6 levels left

rFire   . . .        a - +0 flail
rCold   . . .        c - +0 buckler
rNeg    + . .        e - +0 chain mail
rPois   ∞            (no helmet)
rElec   +            h - +0 cloak
rCorr   .            (no gloves)
SInv    .            (no boots)
Will    .....        (no amulet) Stlth
                     i - +6 ring of strength
HPRegen 0.27/turn    n - +6 ring of strength
MPRegen 0.10/turn

%: no passive effects
@: no status effects
A: sickness immunity, AC +4, negative energy resistance 1, electricity
resistance, torment resistance 1, petrification resistance
a: no special abilities


You were on level 5 of the Dungeon.
You visited 1 branch of the dungeon, and saw 5 of its levels.

You collected 205 gold pieces.

Inventory:

Hand Weapons
 a - a +0 flail (weapon)
Armour
 c - a +0 buckler (worn)
 e - a +0 chain mail (worn)
 h - a +0 cloak (worn)
Jewellery
 i - a +6 ring of strength (left hand)
 m - a ring of fire
 n - a +6 ring of strength (right hand)
 q - an amulet of magic regeneration
Scrolls
 g - a scroll of revelation
 k - 4 scrolls of identify
Potions
 b - 2 potions of attraction
 d - a potion of might
 f - a potion of resistance
 j - 4 potions of curing
 l - a potion of enlightenment
 o - a potion of heal wounds
 p - a potion of lignification
 s - 2 potions of berserk rage {unknown}


   Skills:
 + Level 4.9 Fighting
 * Level 5.0 Maces & Flails
 + Level 4.9 Armour
 + Level 4.9 Shields


You had 6 spell levels left.
You didn't know any spells.
Your spell library contained the following spells:

 Spells                   Type           Power      Damage    Failure   Level
 Sandblast                Erth           0%         2d4       85%         1
 Passwall                 Tmut/Erth      0%         N/A       94%         2
 Stone Arrow              Conj/Erth      0%         3d7       99%         3
 Brom's Barrelling Bould  Conj/Erth      0%         2d3       100%        4
 Dispel Undead            Necr           0%         3d6       100%        4
 Death Channel            Necr           0%         N/A       100%        6
 Cigotuvi's Dreadful Rot  Necr/Pois/Air  Unusable   N/A       N/A         2

Dungeon Overview and Level Annotations

Branches:
Dungeon (5/15)
 Temple: D:4-7

Altars:

Shops:
D:1 (   D:4 =

Annotations:
D:5 Dowan, Duvessa


Innate Abilities, Weirdness & Mutations

You are immune to sickness and miasma.
Your stone body is resilient. (AC +4)
You are immune to poison.
You resist negative energy. (rN+)
You are resistant to electric shocks. (rElec)
You are resistant to unholy torment.
You are immune to petrification.


Message History

You hit Duvessa but do no damage.
Duvessa is moderately wounded.
Duvessa barely misses you. Duvessa hits you with a +0 rapier.
Dowan completely misses you.
You barely miss Duvessa.
Duvessa is moderately wounded.
You block Dowan's attack. Duvessa hits you with a +0 rapier.
You hit Duvessa.
Duvessa is moderately wounded.
Dowan closely misses you. Duvessa hits you with a +0 rapier!
You barely miss Duvessa.
Duvessa is moderately wounded.
Duvessa misses you. Dowan barely misses you.
You sock Duvessa!
Duvessa is heavily wounded.
Duvessa hits you with a +0 rapier. Dowan hits you with a +0 dagger.
Duvessa hits you but does no damage. Dowan barely misses you.
You thump Duvessa!
Duvessa is almost dead.
Dowan casts a spell.
Dowan blinks!
Duvessa hits you but does no damage.
You hit Duvessa but do no damage.
Duvessa is almost dead.
Duvessa hits you with a +0 rapier.
You barely miss Duvessa.
Duvessa is almost dead.
Duvessa hits you with a +0 rapier!
You hit Duvessa.
Duvessa is almost dead.
Duvessa hits you with a +0 rapier.
* * * LOW HITPOINT WARNING * * *
You hit Duvessa but do no damage.
Duvessa is almost dead.
Duvessa hits you with a +0 rapier.
* * * LOW HITPOINT WARNING * * *
Dowan gestures at you while chanting. The puff of flame hits you!
* * * LOW HITPOINT WARNING * * *
Dowan hits you with a +0 dagger.
You die...

### ##############..
...............###
###
#>...........######.
.##
#.#.................
..#
#.#.#####..#e######
..###.#.#####..#@#
...............#e#
#######.#####.##s#
#... #.##.# ###.#
#†##.# .# #.##.# #
#.##.# #.##.. #.#


You could see Duvessa, Dowan and a scorpion.

Vanquished Creatures
  2 ogres
  A scorpion (D:4)
  A jelly (D:4)
  A hound (D:5)
  An iguana (D:5)
  Natasha (thrice) (D:3)
  3 gnolls (D:2)
  6 adders
  A worm (D:3)
  5 dart slugs
  6 orcs (D:3)
  6 ball pythons
  4 bats
  3 endoplasms
  A giant cockroach (D:1)
  3 goblins
  7 hobgoblins
  4 jackals (D:1)
  7 kobolds
  8 quokkas
  6 frilled lizards
  7 rats
86 creatures vanquished.

Notes
Turn   | Place    | Note
-------+----------+-------------------------------------------
     0 | D:1      | FakeRyeBread the Gargoyle Fighter began the quest for the
                  | Orb.
     0 | D:1      | Reached XP level 1. HP: 14/14 MP: 1/1
   157 | D:1      | Reached XP level 2. HP: 14/19 MP: 2/2
   224 | D:1      | Found Vyboenoq's Weapon Boutique.
   417 | D:1      | Reached XP level 3. HP: 23/23 MP: 3/3
   840 | D:2      | Reached skill level 3 in Maces & Flails
   840 | D:2      | Reached XP level 4. HP: 21/29 MP: 4/4
   986 | D:2      | Identified the ring "Yschisav" {Wiz Str+2}
  2335 | D:3      | Noticed Natasha
  2341 | D:3      | Killed Natasha
  2342 | D:3      | Reached XP level 5. HP: 33/33 MP: 5/5
  2366 | D:3      | Noticed Natasha
  2372 | D:3      | Killed Natasha
  2384 | D:3      | Noticed Natasha
  2399 | D:3      | Killed Natasha
  2749 | D:4      | Noticed an ogre
  2775 | D:3      | Reached skill level 4 in Maces & Flails
  2925 | D:4      | Killed an ogre
  2926 | D:4      | Reached XP level 6. HP: 27/39 MP: 6/6
  3491 | D:4      | Found Boshryxye's Jewellery Shoppe.
  3720 | D:5      | Entered Level 5 of the Dungeon
  3761 | D:5      | Reached XP level 7. HP: 21/44 MP: 7/7
  3952 | D:5      | Reached skill level 5 in Maces & Flails
  4029 | D:5      | Noticed Duvessa
  4030 | D:5      | Noticed Dowan
  4046 | D:5      | HP: 1/44 [Dowan/puff of flame (10)]
  4046 | D:5      | Slain by Dowan

Illustrated notes

Levels and vault maps discovered:
D:1:      minmay_arrival_arboretum_large, layout_loops_ring, serial_shops, shop
D:2:      layout_basic
D:3:      minmay_evil_eye, layout_loops_corners, minivault_27, uniq_natasha
D:4:      layout_layer_cave, serial_shops, shop
D:5:      layout_loops_ring, uniq_duvessa, uniq_crazy_yiuf_cottage,
          uniq_menkaure

Skill      XL: |  1  2  3  4  5  6  7 |
---------------+----------------------+-----
Maces & Flails | 3 4 5 |  5.0
Armour         | 4 |  4.9
Fighting       | 4 |  4.9
Shields        | 4 |  4.9

Action                     |  1- 3 |  4- 6 |  7- 9 || total
---------------------------+-------+-------+-------++-------
  Melee: Flail             |   108 |   155 |    31 ||   294
    Use: Scroll            |       |    12 |       ||    12
         Potion            |       |     1 |       ||     1
 Armour: Scale mail        |    68 |    18 |       ||    86
         Chain mail        |       |    82 |    25 ||   107
  Dodge: Dodged            |    57 |    59 |    17 ||   133
  Block: Buckler           |    22 |    27 |     6 ||    55

Table legend: (Time is in decaauts)
 A = Elapsed time spent in this place.
 B = Non-inter-level travel time spent in this place.
 C = Inter-level travel time spent in this place.
 D = Time resting spent in this place.
 E = Time spent auto-exploring this place.
 F = Levels seen in this place.
 G = Mean time per level.
                   A        B        C        D        E       F      G
               +--------+--------+--------+--------+--------+-----+--------+
         Total |   4121 |   3660 |    461 |    171 |   2612 |   5 |  824.2 |
       Dungeon |   4121 |   3660 |    461 |    171 |   2612 |   5 |  824.2 |
               +--------+--------+--------+--------+--------+-----+--------+

Top non-repeatable levels by time:
     D:3: 1178 daAuts
     D:4: 984 daAuts
     D:2: 876 daAuts
     D:1: 749 daAuts
     D:5: 332 daAuts
